 Dungeon Crawl Stone Soup version 0.22-a0-455-ga0624bf (webtiles) character file.

36 KristoblXynda the Slasher (level 3, -4/32 HPs)
             Began as a Naga Gladiator on June 5, 2018.
             Slain by a worm (11 damage)
             ... on level 2 of the Dungeon.
             The game lasted 00:02:07 (1199 turns).

KristoblXynda the Slasher (Naga Gladiator)          Turns: 1199, Time: 00:02:08

Health: -4/32      AC:  3    Str: 16    XL:     3   Next: 37%
Magic:  3/3        EV: 10    Int:  9    God:
Gold:   41         SH:  0    Dex: 12    Spells: 2/2 levels left

rFire    . . .     SeeInvis +   a - +0 long sword
rCold    . . .     Gourm    .   (no shield)
rNeg     . . .     Faith    .   b - +0 leather armour
rPois    +         Spirit   .   c - +0 helmet
rElec    .         Reflect  .   (no cloak)
rCorr    .         Harm     .   (no gloves)
MR       .....                  (no barding)
Stlth    +.........             (no amulet)
HPRegen  0.10/turn              (no ring)
MPRegen  0.08/turn              (no ring)

@: very slow
A: large, see invisible, deformed body, poison resistance, slowness 2, slow
metabolism 1, spit poison 1, AC +1
a: Spit Poison


You were on level 2 of the Dungeon.
You were hungry.

You visited 1 branch of the dungeon, and saw 2 of its levels.

You collected 41 gold pieces.

Inventory:

Hand Weapons
 a - a +0 long sword (weapon)
Missiles
 d - 3 throwing nets (quivered)
 h - 8 steel javelins
Armour
 b - a +0 leather armour (worn)
 c - a +0 helmet (worn)
Scrolls
 g - a scroll of magic mapping {unknown}
 i - a scroll of remove curse {unknown}
 j - a scroll of teleportation {unknown}
 k - a scroll of fear {unknown}
 l - a scroll of identify {unknown}
 m - a scroll of fog {unknown}
Potions
 e - a potion of brilliance {unknown}
Comestibles
 f - 3 rations


   Skills:
 - Level 2.0 Fighting
 * Level 3.6 Long Blades
 - Level 2.0 Throwing
 + Level 0.3 Armour
 + Level 2.9 Dodging


You had 2 spell levels left.
You didn't know any spells.
Your spell library was empty.

Dungeon Overview and Level Annotations

Branches:
Dungeon (2/15)

Altars:


Innate Abilities, Weirdness & Mutations

You cannot wear boots.
Your serpentine skin is tough. (AC +1)
You have supernaturally acute eyesight. (SInv)
Armour fits poorly on your strangely shaped body.
Your system is resistant to poisons. (rPois)
You cover ground very slowly.
You have a slow metabolism.
You can spit poison.


Message History

The worm is heavily wounded.
The worm bites you.
* * * LOW HITPOINT WARNING * * *
You are feeling hungry.
Press: ? - help, Shift-Dir - straight line, f - worm
Aim: a worm The splash of poison hits the worm.
The worm is poisoned.
The worm is moderately wounded.
You feel slightly more hungry.
You have got your breath back.
The worm looks more healthy.
Press: ? - help, Shift-Dir - straight line, f/p - worm
Aim: a worm (lightly wounded)
The splash of poison hits the worm.
The worm is poisoned.
The worm is moderately wounded.
You feel slightly more hungry.
You have got your breath back.
The worm looks more healthy.
The worm bites you!
You die...

## ... ....
#############.... ###
#................
....#................
.....................
...#.......w........
#........@...####
#............#
#............# ##+#
#....).......# #...
#............# ########...
#............# #.....##...
#............# #.....##...
#............###.....##...
...........................


You could see a worm.

Vanquished Creatures
  A gnoll (D:1)
  A dart slug (D:1)
  3 bats (D:1)
  A giant cockroach (D:2)
  2 goblins (D:1)
  6 hobgoblins
  A jackal (D:2)
  A frilled lizard (D:1)
  4 kobolds
  2 rats
22 creatures vanquished.

Notes
Turn   | Place    | Note
-------+----------+-------------------------------------------
     0 | D:1      | KristoblXynda the Naga Gladiator began the quest for the Orb.
     0 | D:1      | Reached XP level 1. HP: 19/19 MP: 1/1
   328 | D:1      | Reached XP level 2. HP: 23/26 MP: 2/2
   779 | D:1      | Reached XP level 3. HP: 28/32 MP: 3/3
  1199 | D:2      | Slain by a worm

Vault maps used:
D:1:      dpeg_arrival_fog, eino_curves_02
D:2:      lemuel_crystal_altar, doesnt_xom_only_xom

Skill      XL: |  1 |
---------------+----+-----
Throwing       | 2 |  2.0
Fighting       | |  2.0
Long Blades    | |  3.6
Armour         | |  0.3
Dodging        | |  2.9

Action                   || total
-------------------------++-------
Melee: Long sword        ||    69
 Abil: Spit Poison       ||     4
Armor: Leather armour    ||    19
Dodge: Dodged            ||    44
       Rpst.: Long sword ||    13

Table legend:
 A = Spawn XP
 B = Non-spawn XP
 C = Spawn XP percentage of total XP
 D = Spawn monster count
 E = Non-spawn monster count
 F = Spawn count percentage of total count
 G = Total turns spent on level
                    A         B        C        D         E        F      G
               +---------+---------+-------+---------+---------+-------+---------
         Total |       0 |      52 |   0.0 |       0 |      22 |   0.0 |  1199
               +---------+---------+-------+---------+---------+-------+---------
           D:1 |       0 |      43 |   0.0 |       0 |      17 |   0.0 |  1087
           D:2 |       0 |       9 |   0.0 |       0 |       5 |   0.0 |   112
               +---------+---------+-------+---------+---------+-------+---------
